PCL
DISTRICT 9 PRAWNS @ MEXICO CITY CERVECEROS
07/30/2029
 
TOP OF THE 1ST
District 9 Prawns batting - Pitching for Mexico City Cerveceros : LHP Albert Lebel
Pitching: LHP Albert Lebel
Batting: LHB Donnie Cunningham 0-0: Ball
1-0: Called Strike
1-1: Foul Ball, location: 2F
1-2: Strikes out swinging
Batting: RHB José Colón 0-0: SOLO HOME RUN (Flyball, 78XD), Distance : 407 ft
Batting: SHB Félix Montoya 0-0: Called Strike
0-1: Called Strike
0-2: Ball
1-2: Foul Ball, location: 2F
1-2: Ball
2-2: Ball
3-2: Strikes out swinging
Batting: LHB Terry Simpson 0-0: Ball
1-0: Ball
2-0: Ball
3-0: Called Strike
3-1: Fly out, F8 (Flyball, 78D)
Top of the 1st over - 1 run, 1 hit, 0 errors, 0 left on base; District 9 1 - Mexico City 0
BOTTOM OF THE 1ST
Mexico City Cerveceros batting - Pitching for District 9 Prawns : RHP Júlio Lucchi
Pitching: RHP Júlio Lucchi
Batting: SHB Richard Bowman 0-0: Ball
1-0: Swinging Strike
1-1: Called Strike
1-2: Ground out U3 (Groundball, 3L)
Batting: RHB Murai Ishihara 0-0: Fly out, F9 (Flyball, 9D)
Batting: RHB Lee Price 0-0: Ball
1-0: Ball
2-0: SINGLE (Popup, 56D)
Batting: RHB Henning Huisman 0-0: Ball
1-0: Called Strike
1-1: Ball
2-1: Ball
3-1: Base on Balls
Lee Price to second
Batting: LHB John Nicholson 0-0: Foul Ball, location: 2F
0-1: Foul Ball, location: 2F
0-2: Ball
1-2: Ball
2-2: Strikes out swinging
Bottom of the 1st over - 0 runs, 1 hit, 0 errors, 2 left on base; District 9 1 - Mexico City 0
TOP OF THE 2ND
District 9 Prawns batting - Pitching for Mexico City Cerveceros : LHP Albert Lebel
Batting: RHB Edgardo Carrasco 0-0: Called Strike
0-1: Called Strike
0-2: Ball
1-2: Foul Ball, location: 2F
1-2: Foul Ball, location: 2F
1-2: Ball
2-2: Ball
3-2: SINGLE (Groundball, 4D)
Batting: RHB Gil Palmer 0-0: Ball
1-0: Called Strike
1-1: Foul Ball, location: 2F
1-2: Fielders Choice at 2nd, 6-4 (Groundball, 6)
Batting: LHB Manuel Cardenas 0-0: Ball
1-0: Swinging Strike
1-1: Fielders Choice at 2nd, 4-6 (Groundball, 4M)
Batting: RHB Alfredo Rangel 0-0: Foul Ball, location: 2F
0-1: Ball
1-1: Ball
2-1: Ground out U3 (Groundball, 34)
Top of the 2nd over - 0 runs, 1 hit, 0 errors, 1 left on base; District 9 1 - Mexico City 0
BOTTOM OF THE 2ND
Mexico City Cerveceros batting - Pitching for District 9 Prawns : RHP Júlio Lucchi
Batting: RHB Robinson Pacheco 0-0: Foul Ball, location: 2F
0-1: Ball
1-1: Ball
2-1: Ground out 6-3 (Groundball, 6)
Batting: RHB John Dinkins 0-0: Ball
1-0: Called Strike
1-1: Ball
2-1: Swinging Strike
2-2: Ball
3-2: SINGLE (Flyball, 8RS)
Batting: LHB Gary Kern 0-0: Called Strike
0-1: Ball
1-1: Foul Ball, location: 2F
1-2: Grounds into double play, 4-6-3 (Groundball, 34)
Bottom of the 2nd over - 0 runs, 1 hit, 0 errors, 0 left on base; District 9 1 - Mexico City 0
TOP OF THE 3RD
District 9 Prawns batting - Pitching for Mexico City Cerveceros : LHP Albert Lebel
Batting: LHB Culley Vaughan 0-0: Ball
1-0: Foul Ball, location: 2F
1-1: Ball
2-1: Foul Ball, location: 2F
2-2: Foul Ball, location: 2F
2-2: SINGLE (Flyball, 78S)
Batting: LHB Donnie Cunningham 0-0: Ball
1-0: Called Strike
1-1: Ball
2-1: Swinging Strike
2-2: Foul Ball, location: 2F
2-2: Ball
3-2: Strikes out looking
Culley Vaughan is caught stealing 2nd base
Batter strikes out.
Batting: RHB José Colón 0-0: Called Strike
0-1: Swinging Strike
0-2: Ball
1-2: Foul Ball, location: 2F
1-2: Strikes out swinging
Top of the 3rd over - 0 runs, 1 hit, 0 errors, 0 left on base; District 9 1 - Mexico City 0
BOTTOM OF THE 3RD
Mexico City Cerveceros batting - Pitching for District 9 Prawns : RHP Júlio Lucchi
Batting: LHB Javier Martínez 0-0: Called Strike
0-1: Foul Ball, location: 2F
0-2: Ball
1-2: Ball
2-2: Strikes out swinging
Batting: SHB Richard Bowman 0-0: SINGLE (Line Drive, 78S)
Batting: RHB Murai Ishihara 0-0: Ball
1-0: Foul Ball, location: 2F
1-1: Foul Ball, location: 2F
1-2: Hit by Pitch
Richard Bowman to second
Batting: RHB Lee Price 0-0: Fielders Choice at 2nd, 1-6 (Groundball, 13)
Richard Bowman to third
Batting: RHB Henning Huisman 0-0: Fly out, F3 (Popup, 23F)
Bottom of the 3rd over - 0 runs, 1 hit, 0 errors, 2 left on base; District 9 1 - Mexico City 0
TOP OF THE 4TH
District 9 Prawns batting - Pitching for Mexico City Cerveceros : LHP Albert Lebel
Batting: SHB Félix Montoya 0-0: Ball
1-0: Swinging Strike
1-1: Foul Ball, location: 2F
1-2: Foul Ball, location: 2F
1-2: Ball
2-2: Ball
3-2: Foul Ball, location: 2F
3-2: Strikes out swinging
Batting: LHB Terry Simpson 0-0: Ball
1-0: Ball
2-0: Foul Ball, location: 2F
2-1: Swinging Strike
2-2: Ground out 4-3 (Groundball, 4)
Batting: RHB Edgardo Carrasco 0-0: Fly out, F9 (Flyball, 89M)
Top of the 4th over - 0 runs, 0 hits, 0 errors, 0 left on base; District 9 1 - Mexico City 0
BOTTOM OF THE 4TH
Mexico City Cerveceros batting - Pitching for District 9 Prawns : RHP Júlio Lucchi
Batting: LHB John Nicholson 0-0: Called Strike
0-1: Ball
1-1: Fly out, F5 (Popup, 5)
Batting: RHB Robinson Pacheco 0-0: Ball
1-0: Called Strike
1-1: Foul Ball, location: 2F
1-2: Ball
2-2: Ball
3-2: Foul Ball, location: 2F
3-2: Ground out 1-3 (Groundball, 15S)
Batting: RHB John Dinkins 0-0: Fly out, F4 (Line Drive, 4)
Bottom of the 4th over - 0 runs, 0 hits, 0 errors, 0 left on base; District 9 1 - Mexico City 0
TOP OF THE 5TH
District 9 Prawns batting - Pitching for Mexico City Cerveceros : LHP Albert Lebel
Batting: RHB Gil Palmer 0-0: Ball
1-0: Foul Ball, location: 2F
1-1: Called Strike
1-2: Fly out, F7 (Line Drive, 7D)
Batting: LHB Manuel Cardenas 0-0: SINGLE (Line Drive, 9S)
Batting: RHB Alfredo Rangel 0-0: Called Strike
0-1: Fly out, F4 (Popup, 4MD)
Batting: LHB Culley Vaughan 0-0: Foul Ball, location: 2F
0-1: Called Strike
0-2: Foul Ball, location: 2F
0-2: DOUBLE (Line Drive, 78XD)
Manuel Cardenas to third
Runner from 3rd tries for Home, SAFE, no throw
Batting: LHB Donnie Cunningham 0-0: Ball
1-0: Ground out 6-3 (Groundball, 6M)
Top of the 5th over - 1 run, 2 hits, 0 errors, 1 left on base; District 9 2 - Mexico City 0
BOTTOM OF THE 5TH
Mexico City Cerveceros batting - Pitching for District 9 Prawns : RHP Júlio Lucchi
Batting: LHB Gary Kern 0-0: Ball
1-0: Called Strike
1-1: Fly out, F8 (Line Drive, 8LD)
Batting: LHB Javier Martínez 0-0: Ball
1-0: Called Strike
1-1: Ball
2-1: SINGLE (Groundball, 34S) (infield hit)
Batting: SHB Richard Bowman 0-0: Ball
1-0: Ball
2-0: SINGLE (Groundball, 34D)
Javier Martínez to second
Runner from 2nd tries for 3rd, SAFE, no throw
Batting: RHB Murai Ishihara 0-0: Called Strike
0-1: Called Strike
0-2: Ball
1-2: Ball
2-2: SINGLE (Flyball, 78S)
Javier Martínez scores
Richard Bowman to second
Batting: RHB Lee Price 0-0: Ball
1-0: Ball
2-0: Ball
3-0: Fly out, F8 (Flyball, 8LD)
Batting: RHB Henning Huisman 0-0: 3-RUN HOME RUN (Flyball, 7LD), Distance : 335 ft
Batting: LHB John Nicholson 0-0: Ball
1-0: Swinging Strike
1-1: Swinging Strike
1-2: Foul Ball, location: 2F
1-2: Strikes out swinging
Bottom of the 5th over - 4 runs, 4 hits, 0 errors, 0 left on base; District 9 2 - Mexico City 4
TOP OF THE 6TH
District 9 Prawns batting - Pitching for Mexico City Cerveceros : LHP Albert Lebel
Pitching: RHP Tex Perkins
Batting: RHB José Colón 0-0: Ball
1-0: Ball
2-0: Ball
3-0: Called Strike
3-1: Foul Ball, location: 2F
3-2: Base on Balls
Batting: SHB Félix Montoya 0-0: Called Strike
0-1: Foul Ball, location: 2F
0-2: Ball
1-2: Foul Ball, location: 2F
1-2: Ball
2-2: Ball
3-2: Strikes out swinging
Batting: LHB Terry Simpson 0-0: Foul Ball, location: 2F
0-1: Swinging Strike
0-2: Strikes out swinging
Batting: RHB Edgardo Carrasco 0-0: DOUBLE (Flyball, 78D)
José Colón to third
Batting: RHB Gil Palmer 0-0: Ball
1-0: Swinging Strike
1-1: Ball
2-1: Ball
3-1: Base on Balls
Batting: LHB Manuel Cardenas 0-0: Ball
1-0: Called Strike
1-1: Foul Ball, location: 2F
1-2: Strikes out swinging
Top of the 6th over - 0 runs, 1 hit, 0 errors, 3 left on base; District 9 2 - Mexico City 4
BOTTOM OF THE 6TH
Mexico City Cerveceros batting - Pitching for District 9 Prawns : RHP Júlio Lucchi
Batting: RHB Robinson Pacheco 0-0: Called Strike
0-1: Ball
1-1: Ball
2-1: Swinging Strike
2-2: Foul Ball, location: 2F
2-2: Ball
3-2: SINGLE (Line Drive, 8LS)
Batting: RHB John Dinkins 0-0: Ball
1-0: Called Strike
1-1: Ball
Wild Pitch!
Robinson Pacheco to second
2-1: Foul Ball, location: 2F
2-2: Strikes out swinging
Batting: LHB Gary Kern 0-0: Called Strike
0-1: Ball
1-1: Ball
2-1: Ball
3-1: Base on Balls
Batting: LHB Javier Martínez 0-0: Fly out, F4 (Line Drive, 4M)
Lined into DP, U4 (Line Drive, 4M)
Bottom of the 6th over - 0 runs, 1 hit, 0 errors, 1 left on base; District 9 2 - Mexico City 4
TOP OF THE 7TH
District 9 Prawns batting - Pitching for Mexico City Cerveceros : RHP Tex Perkins
Batting: RHB Alfredo Rangel 0-0: Ball
1-0: Fly out, F5 (Popup, 56)
Batting: LHB Culley Vaughan 0-0: DOUBLE (Line Drive, 78D)
Batting: LHB Donnie Cunningham 0-0: Ball
1-0: Swinging Strike
1-1: SINGLE (Groundball, 56D)
Culley Vaughan to third
Pinch Hitting: LHB Mike Davis 0-0: Ball
1-0: Ball
2-0: Foul Ball, location: 2F
2-1: Fly out, F8 (Flyball, 8RM)
Runner from 3rd tags up, OUT at HOME
Top of the 7th over - 0 runs, 2 hits, 0 errors, 1 left on base; District 9 2 - Mexico City 4
BOTTOM OF THE 7TH
Mexico City Cerveceros batting - Pitching for District 9 Prawns : RHP Júlio Lucchi
Pitching: RHP Mike Stabler
Now at 1B: Mike Davis
Batting: SHB Richard Bowman 0-0: Called Strike
0-1: Ball
1-1: Ball
2-1: Foul Ball, location: 2F
2-2: SINGLE (Groundball, 56D)
Batting: RHB Murai Ishihara 0-0: Called Strike
0-1: Swinging Strike
0-2: Strikes out looking
Batting: RHB Lee Price 0-0: Ball
1-0: Ball
2-0: Called Strike
2-1: Called Strike
2-2: Grounds into double play, 1-6-3 (Groundball, 13)
Bottom of the 7th over - 0 runs, 1 hit, 0 errors, 0 left on base; District 9 2 - Mexico City 4
TOP OF THE 8TH
District 9 Prawns batting - Pitching for Mexico City Cerveceros : RHP Tex Perkins
Now at 1B: Orlando Núńes
Now in LF: Collin Smith
Batting: SHB Félix Montoya 0-0: Swinging Strike
0-1: Ball
1-1: Swinging Strike
1-2: Foul Ball, location: 2F
1-2: Foul Ball, location: 2F
1-2: Ball
2-2: TRIPLE (Flyball, 8RXD)
Batting: LHB Terry Simpson 0-0: Ball
1-0: Ball
2-0: Ball
3-0: Base on Balls
Pitching: RHP Manuel Zarate
Batting: RHB Edgardo Carrasco 0-0: Ball
1-0: Foul Ball, location: 2F
1-1: Called Strike
1-2: Ball
2-2: Foul Ball, location: 2F
2-2: Strikes out swinging
Batting: RHB Gil Palmer 0-0: Ball
1-0: Ball
2-0: Fly out, F7 (Flyball, 78M)
Runner from 3rd tags up, OUT at HOME
Top of the 8th over - 0 runs, 1 hit, 0 errors, 1 left on base; District 9 2 - Mexico City 4
BOTTOM OF THE 8TH
Mexico City Cerveceros batting - Pitching for District 9 Prawns : RHP Mike Stabler
Batting: RHB Henning Huisman 0-0: Called Strike
0-1: Foul Ball, location: 2F
0-2: Strikes out swinging
Batting: LHB John Nicholson 0-0: Ball
1-0: Ball
2-0: Ball
3-0: Base on Balls
Batting: RHB Robinson Pacheco 0-0: Ball
1-0: Ball
2-0: Foul Ball, location: 2F
2-1: SINGLE (Groundball, 4) (infield hit)
John Nicholson to second
Batting: RHB John Dinkins 0-0: Grounds into double play, 5-4-3 (Groundball, 5)
Bottom of the 8th over - 0 runs, 1 hit, 0 errors, 1 left on base; District 9 2 - Mexico City 4
TOP OF THE 9TH
District 9 Prawns batting - Pitching for Mexico City Cerveceros : RHP Manuel Zarate
Pitching: RHP Wayne Walker
Now at 2B: Gerald Johnson
Now at 3B: Claudio Souza
Batting: LHB Manuel Cardenas 0-0: Fly out, F8 (Flyball, 8LM)
Batting: RHB Alfredo Rangel 0-0: Called Strike
0-1: Ball
1-1: Foul Ball, location: 2F
1-2: Foul Ball, location: 2F
1-2: Ball
2-2: Fly out, F8 (Flyball, 8RD)
Batting: LHB Culley Vaughan 0-0: Ground out 4-3 (Groundball, 4)
Top of the 9th over - 0 runs, 0 hits, 0 errors, 0 left on base; District 9 2 - Mexico City 4
Saturday, December 16th, 2017 - OOTP Baseball 18.8 Build 76